cohdb
Replays
Latest Replays
All Replays
Popular Replays
Top Player Replays
Match Explorer
How It Works
Community
CoH3 Stats
Reddit
Sign in to upload your games and track your stats! →
Sign in with Steam
Match 25128996
Unlisted
Match 25128996
Overview
Messages
Build Orders
End
Panzergrenadier Squad
Panzergrenadier Squad
Construct Light Support Kompanie
Combat Half-tracks
250 Light Carrier
Selects Italian Infantry
Assault Grenadier Squad
Selects Guastatori Squad
Guastatori Squad
Assault Mechanized Group
Selects Defensive Operations
2.5-tonne Medical Truck
Construct Mechanized Kompanie
Guastatori Squad
Selects Registered Artillery
Selects Prepared Positions
Registered Artillery
Panzerjäger Mechanized Group
254 Reconnaissance Tractor
Registered Artillery
Construct Panzerarmee Kommand
Selects Towed Cannone da 105/28 Field Howitzer
RommelF
Metalharl
^3
Africanoblanco
Bro, I am in trouble, too.
Ori
ラブライブ!
bjy9582
0
0
Comments
sign in to comment!
No comments posted yet!